NYP
BATAVIA MUCKDOGS @ LOS ANGELES (NYP) DODGERS
08/18/2044
 
TOP OF THE 1ST
Batavia Muckdogs batting - Pitching for Los Angeles (NYP) Dodgers : LHP Casey Ropp
Pitching: LHP Casey Ropp
Batting: RHB Calvin Morin 0-0: Ball
1-0: Foul Ball, location: 2F
1-1: Ball
2-1: Ball
3-1: Swinging Strike
3-2: Base on Balls
Batting: LHB David Doge 0-0: Ball
1-0: Called Strike
1-1: Called Strike
1-2: Ball
2-2: Fly out, F8 (Flyball, 78D, EV 100.6 MPH)
Batting: RHB Len Graham 0-0: Called Strike
0-1: Called Strike
0-2: Ball
1-2: Foul Ball, location: 2F
1-2: Ball
Passed Ball!
Calvin Morin to second
2-2: Ball
Passed Ball!
Calvin Morin to third
3-2: DOUBLE (Line Drive, 3D, EV 99.4 MPH)
Calvin Morin scores
Batting: RHB Nate Crofts 0-0: Ball
1-0: Called Strike
1-1: Ball
2-1: Ball
3-1: Swinging Strike
3-2: Base on Balls
Batting: LHB Ryan Thompson 0-0: Foul Ball, location: 2F
0-1: Foul Ball, location: 2F
0-2: Ball
1-2: Strikes out swinging
Batting: RHB Larry LeFever 0-0: Foul Ball, location: 2F
0-1: SINGLE (Groundball, 5S, EV 68.1 MPH) (infield hit)
Len Graham to third
Nate Crofts to second
Batting: RHB Hiromitsu Yamada 0-0: Ball
1-0: Ball
Passed Ball!
Len Graham scores
Nate Crofts to third
Larry LeFever to second
2-0: Called Strike
2-1: Foul Ball, location: 2F
2-2: Foul Ball, location: 2F
2-2: Fly out, F8 (Flyball, 78S, EV 81.3 MPH)
Top of the 1st over - 2 runs, 2 hits, 0 errors, 2 left on base; Batavia 2 - Los Angeles (NYP) 0
BOTTOM OF THE 1ST
Los Angeles (NYP) Dodgers batting - Pitching for Batavia Muckdogs : RHP James Bitner
Pitching: RHP James Bitner
Batting: RHB Leo Cuellar 0-0: Called Strike
0-1: Ball
1-1: Ball
2-1: Ball
3-1: Base on Balls
Batting: SHB John Gernaat 0-0: Ball
1-0: Called Strike
1-1: Swinging Strike
1-2: Ball
2-2: Ball
Leo Cuellar steals 2nd base
3-2: Foul Ball, location: 2F
3-2: Base on Balls
Batting: LHB Kippy McGrath 0-0: Ball
1-0: Ball
2-0: Called Strike
2-1: 3-RUN HOME RUN (Flyball, 89XD, EV 108.1 MPH), Distance : 420 ft
Batting: RHB Eddie Perry 0-0: Called Strike
0-1: Foul Ball, location: 2F
0-2: Ball
1-2: Foul Ball, location: 2F
1-2: Strikes out swinging
Batting: RHB Jonathan Kirsch 0-0: Foul Ball, location: 2F
0-1: Ball
1-1: Swinging Strike
1-2: Foul Ball, location: 2F
1-2: Foul Ball, location: 2F
1-2: Strikes out swinging
Batting: SHB Chris Ackerson 0-0: SINGLE (Groundball, 4D, EV 100.6 MPH)
Batting: LHB Fernando Amaya 0-0: Fielders Choice at 2nd, 6-4 (Groundball, 6, EV 100.6 MPH)
Bottom of the 1st over - 3 runs, 2 hits, 0 errors, 1 left on base; Batavia 2 - Los Angeles (NYP) 3
TOP OF THE 2ND
Batavia Muckdogs batting - Pitching for Los Angeles (NYP) Dodgers : LHP Casey Ropp
Batting: LHB Justin Blakely 0-0: Ball
1-0: Swinging Strike
1-1: Ball
2-1: Foul Ball, location: 2F
2-2: Foul Ball, location: 2F
2-2: Strikes out looking
Batting: RHB Jeremy Dennis 0-0: Ball
1-0: Ball
2-0: Called Strike
2-1: Foul Ball, location: 2F
2-2: Ball
3-2: Ground out 4-3 (Groundball, 34, EV 106.9 MPH)
Batting: RHB Calvin Morin 0-0: Ball
1-0: Called Strike
1-1: Called Strike
1-2: Ball
2-2: Foul Ball, location: 2F
2-2: Ball
3-2: Ground out 5-3 (Groundball, 56, EV 80.0 MPH)
Top of the 2nd over - 0 runs, 0 hits, 0 errors, 0 left on base; Batavia 2 - Los Angeles (NYP) 3
BOTTOM OF THE 2ND
Los Angeles (NYP) Dodgers batting - Pitching for Batavia Muckdogs : RHP James Bitner
Pitching: RHP Alex Garza
Batting: RHB Jonathan Quijada 0-0: Ground out 5-3 (Groundball, 56, EV 85.0 MPH)
Batting: RHB Neal Jukic 0-0: Ball
1-0: Foul Ball, location: 2F
1-1: Ball
2-1: Foul Ball, location: 2F
2-2: Ball
3-2: Base on Balls
Batting: RHB Leo Cuellar 0-0: Foul Ball, location: 2F
0-1: Ball
1-1: Foul Ball, location: 2F
1-2: Ball
Neal Jukic is caught stealing 2nd base 2-4
2-2: Ball
3-2: Base on Balls
Batting: SHB John Gernaat 0-0: Ball
Leo Cuellar is caught stealing 2nd base 2-6
Bottom of the 2nd over - 0 runs, 0 hits, 0 errors, 0 left on base; Batavia 2 - Los Angeles (NYP) 3
TOP OF THE 3RD
Batavia Muckdogs batting - Pitching for Los Angeles (NYP) Dodgers : LHP Casey Ropp
Batting: LHB David Doge 0-0: SINGLE (Line Drive, 9S, EV 99.4 MPH)
Batting: RHB Len Graham 0-0: Ball
Wild Pitch!
David Doge to second
1-0: Ball
Passed Ball!
David Doge to third
2-0: Foul Ball, location: 2F
2-1: Ball
3-1: Foul Ball, location: 2F
3-2: Base on Balls
Batting: RHB Nate Crofts 0-0: Ball
1-0: Ball
Wild Pitch!
David Doge scores
Len Graham to second
2-0: Foul Ball, location: 2F
2-1: Ball
Len Graham steals 3rd base
3-1: Reached on error, E4 (Groundball, 34, EV 103.8 MPH)
Len Graham scores
Pitching: LHP Jake Hall
Batting: LHB Ryan Thompson 0-0: SINGLE (Groundball, 6D, EV 103.1 MPH)
Nate Crofts to second
Batting: RHB Larry LeFever 0-0: Ball
1-0: Swinging Strike
Passed Ball!
Nate Crofts to third
Ryan Thompson to second
1-1: Ball
2-1: Called Strike
2-2: Ball
3-2: Base on Balls
Batting: RHB Hiromitsu Yamada 0-0: Called Strike
0-1: Ball
Passed Ball!
Nate Crofts scores
Ryan Thompson to third
Larry LeFever to second
1-1: Swinging Strike
1-2: Strikes out swinging
Batting: LHB Justin Blakely 0-0: Called Strike
0-1: Ground out U3 (Groundball, 3, EV 89.4 MPH)
Batting: RHB Jeremy Dennis 0-0: Called Strike
0-1: Called Strike
0-2: Ball
Passed Ball!
Ryan Thompson scores
Larry LeFever to third
1-2: Ball
2-2: Foul Ball, location: 2F
2-2: Strikes out swinging
Top of the 3rd over - 4 runs, 2 hits, 1 error, 1 left on base; Batavia 6 - Los Angeles (NYP) 3
BOTTOM OF THE 3RD
Los Angeles (NYP) Dodgers batting - Pitching for Batavia Muckdogs : RHP Alex Garza
Batting: SHB John Gernaat 0-0: DOUBLE (Line Drive, 9LM, EV 106.9 MPH)
Batting: LHB Kippy McGrath 0-0: Foul Ball, location: 2F
0-1: Foul Ball, location: 2F
0-2: Strikes out swinging
Pitching: RHP Scott Feltham
Batting: RHB Eddie Perry 0-0: Called Strike
John Gernaat steals 3rd, throwing error, E2
John Gernaat scores
0-1: Ball
1-1: Ball
2-1: Ball
3-1: Base on Balls
Batting: RHB Jonathan Kirsch 0-0: Ball
1-0: Foul Ball, location: 2F
1-1: Ball
2-1: Called Strike
2-2: Foul Ball, location: 2F
2-2: Ball
3-2: Foul Ball, location: 2F
3-2: Foul Ball, location: 2F
3-2: SINGLE (Flyball, 8RS, EV 90.0 MPH)
Eddie Perry to second
Batting: SHB Chris Ackerson 0-0: Ball
1-0: Called Strike
1-1: SINGLE (Groundball, 4M, EV 84.4 MPH) (infield hit)
Eddie Perry to third
Jonathan Kirsch to second
Batting: LHB Fernando Amaya 0-0: Ball
1-0: Ball
2-0: SINGLE (Groundball, 6S, EV 66.3 MPH) (infield hit)
Eddie Perry scores
Jonathan Kirsch to third
Chris Ackerson to second
Pitching: RHP Giampaolo Nobile
Pinch Hitting: LHB Jim Schriver 0-0: SINGLE (Groundball, 4D, EV 105.0 MPH)
Jonathan Kirsch scores
Chris Ackerson to third
Fernando Amaya to second
Runner from 3rd tries for Home, throw by CF and OUT! 8-2
Batting: RHB Neal Jukic 0-0: Called Strike
0-1: Called Strike
0-2: Ball
Passed Ball!
Fernando Amaya to third
Jim Schriver to second
1-2: 3-RUN HOME RUN (Line Drive, 9LD, EV 96.9 MPH), Distance : 358 ft
Batting: RHB Leo Cuellar 0-0: Foul Ball, location: 2F
0-1: Called Strike
0-2: Foul Ball, location: 2F
0-2: Ground out U3 (Groundball, 34, EV 86.3 MPH)
Bottom of the 3rd over - 6 runs, 6 hits, 1 error, 0 left on base; Batavia 6 - Los Angeles (NYP) 9
TOP OF THE 4TH
Batavia Muckdogs batting - Pitching for Los Angeles (NYP) Dodgers : LHP Jake Hall
Now in CF: Pat Mage
Batting: RHB Calvin Morin 0-0: Ball
1-0: Ball
2-0: Ball
3-0: Called Strike
3-1: Base on Balls
Batting: LHB David Doge 0-0: Ball
1-0: Called Strike
Calvin Morin steals 2nd base
1-1: Ball
2-1: Swinging Strike
2-2: Fly out, F4 (Flyball, 34D, EV 95.6 MPH)
Batting: RHB Len Graham 0-0: Called Strike
0-1: Foul Ball, location: 2F
0-2: Ball
1-2: Foul Ball, location: 2F
1-2: Ground out 5-3 (Groundball, 56, EV 83.8 MPH)
Batting: RHB Nate Crofts 0-0: Foul Ball, location: 2F
0-1: Ball
1-1: Foul Ball, location: 2F
1-2: Strikes out swinging
Top of the 4th over - 0 runs, 0 hits, 0 errors, 1 left on base; Batavia 6 - Los Angeles (NYP) 9
BOTTOM OF THE 4TH
Los Angeles (NYP) Dodgers batting - Pitching for Batavia Muckdogs : RHP Giampaolo Nobile
Batting: SHB John Gernaat 0-0: Called Strike
0-1: SINGLE (Line Drive, 8RS, EV 110.6 MPH)
Batting: LHB Kippy McGrath 0-0: Called Strike
John Gernaat steals 2nd base
0-1: Called Strike
0-2: 2-RUN HOME RUN (Flyball, 89XD, EV 111.3 MPH), Distance : 438 ft
Pitching: RHP Ryan Babbitt
Batting: RHB Eddie Perry 0-0: Ball
1-0: Swinging Strike
1-1: Ball
2-1: Ball
3-1: Foul Ball, location: 2F
3-2: Foul Ball, location: 2F
3-2: Ground out 5-3 (Groundball, 56, EV 90.0 MPH)
Batting: RHB Jonathan Kirsch 0-0: Called Strike
0-1: Ball
1-1: SINGLE (Groundball, 56D, EV 99.4 MPH)
Batting: SHB Chris Ackerson 0-0: Swinging Strike
0-1: Ball
1-1: Ball
2-1: Called Strike
2-2: Ball
Balk!
Jonathan Kirsch to second
3-2: DOUBLE (Line Drive, 78M, EV 98.1 MPH)
Jonathan Kirsch scores
Batting: LHB Fernando Amaya 0-0: Called Strike
0-1: Foul Ball, location: 2F
0-2: Fly out, F7 (Flyball, 7LM, EV 98.1 MPH)
Batting: RHB Pat Mage 0-0: Ball
1-0: Ball
2-0: Ball
3-0: Base on Balls
Batting: RHB Neal Jukic 0-0: Ball
1-0: Ball
2-0: Ball
3-0: Base on Balls
Chris Ackerson to third
Pat Mage to second
Batting: RHB Leo Cuellar 0-0: Swinging Strike
0-1: Foul Ball, location: 2F
0-2: Ground out 6-3 (Groundball, 56, EV 109.4 MPH)
Bottom of the 4th over - 3 runs, 4 hits, 0 errors, 3 left on base; Batavia 6 - Los Angeles (NYP) 12
TOP OF THE 5TH
Batavia Muckdogs batting - Pitching for Los Angeles (NYP) Dodgers : LHP Jake Hall
Batting: LHB Ryan Thompson 0-0: Called Strike
0-1: Called Strike
0-2: SINGLE (Groundball, 4MD, EV 107.5 MPH)
Batting: RHB Larry LeFever 0-0: Ball
1-0: Called Strike
1-1: Swinging Strike
1-2: Ball
2-2: Strikes out swinging
Batting: RHB Hiromitsu Yamada 0-0: Fielders Choice at 2nd, 4-6 (Groundball, 34, EV 101.9 MPH)
Batting: LHB Justin Blakely 0-0: Ball
Passed Ball!
Hiromitsu Yamada to second
1-0: Ball
2-0: Ball
Passed Ball!
Hiromitsu Yamada to third
3-0: Called Strike
3-1: Foul Ball, location: 2F
3-2: Ground out 1-3 (Groundball, 34S, EV 69.4 MPH)
Top of the 5th over - 0 runs, 1 hit, 0 errors, 1 left on base; Batavia 6 - Los Angeles (NYP) 12
BOTTOM OF THE 5TH
Los Angeles (NYP) Dodgers batting - Pitching for Batavia Muckdogs : RHP Ryan Babbitt
Batting: SHB John Gernaat 0-0: Ball
1-0: Ball
2-0: Called Strike
2-1: Swinging Strike
2-2: Strikes out swinging, 2-3 out at first.
Batting: LHB Kippy McGrath 0-0: Ball
1-0: Ball
2-0: Called Strike
2-1: Foul Ball, location: 2F
2-2: Foul Ball, location: 2F
2-2: SOLO HOME RUN (Flyball, 9LD, EV 91.9 MPH), Distance : 350 ft
Batting: RHB Eddie Perry 0-0: SOLO HOME RUN (Flyball, 7D, EV 95.0 MPH), Distance : 381 ft
Batting: RHB Jonathan Kirsch 0-0: Foul Ball, location: 2F
0-1: Foul Ball, location: 2F
0-2: Ball
1-2: Ball
2-2: Foul Ball, location: 2F
2-2: Ball
3-2: DOUBLE (Line Drive, 89M, EV 100.0 MPH)
Batting: SHB Chris Ackerson 0-0: Called Strike
0-1: Foul Ball, location: 2F
0-2: SINGLE (Line Drive, 6MD, EV 96.9 MPH)
Jonathan Kirsch to third
Batting: LHB Fernando Amaya 0-0: Called Strike
0-1: Foul Ball, location: 2F
0-2: 3-RUN HOME RUN (Flyball, 89XD, EV 109.4 MPH), Distance : 416 ft
Pitching: RHP Joe Lightell
Batting: RHB Pat Mage 0-0: Ball
1-0: Ball
2-0: SINGLE (Groundball, 56D, EV 106.3 MPH)
Batting: RHB Neal Jukic 0-0: Ball
1-0: TRIPLE (Groundball, 5L, EV 98.8 MPH)
Pat Mage scores
Batting: RHB Leo Cuellar 0-0: Ball
Wild Pitch!
Neal Jukic scores
1-0: Ball
2-0: Ground out 5-3 (Groundball, 56, EV 83.1 MPH)
Batting: SHB John Gernaat 0-0: Ball
1-0: Ball
2-0: Ball
3-0: Called Strike
3-1: Called Strike
3-2: Foul Ball, location: 2F
3-2: Fly out, F9 (Flyball, 89D, EV 104.4 MPH)
Bottom of the 5th over - 7 runs, 7 hits, 0 errors, 0 left on base; Batavia 6 - Los Angeles (NYP) 19
TOP OF THE 6TH
Batavia Muckdogs batting - Pitching for Los Angeles (NYP) Dodgers : LHP Jake Hall
Pitching: LHP Melvin Fonseca
Batting: RHB Jeremy Dennis 0-0: Called Strike
0-1: Swinging Strike
0-2: Ball
1-2: Strikes out swinging
Batting: RHB Calvin Morin 0-0: Foul Ball, location: 2F
0-1: Called Strike
0-2: Ball
1-2: Strikes out looking
Batting: LHB David Doge 0-0: SINGLE (Groundball, 6M, EV 105.0 MPH)
Batting: RHB Len Graham 0-0: Ball
David Doge steals 2nd, throwing error, E2
David Doge to third
1-0: Foul Ball, location: 2F
1-1: Ball
Passed Ball!
David Doge scores
2-1: Called Strike
2-2: Strikes out swinging, 2-3 out at first.
Top of the 6th over - 1 run, 1 hit, 1 error, 0 left on base; Batavia 7 - Los Angeles (NYP) 19
BOTTOM OF THE 6TH
Los Angeles (NYP) Dodgers batting - Pitching for Batavia Muckdogs : RHP Joe Lightell
Batting: LHB Kippy McGrath 0-0: SINGLE (Line Drive, 6D, EV 98.8 MPH)
Batting: RHB Eddie Perry 0-0: Ball
1-0: Fly out, F8 (Flyball, 8RD, EV 102.5 MPH)
Batting: RHB Jonathan Kirsch 0-0: Foul Ball, location: 2F
0-1: Ball
1-1: Called Strike
Balk!
Kippy McGrath to second
1-2: Foul Ball, location: 2F
1-2: Strikes out looking
Batting: SHB Chris Ackerson 0-0: Ball
1-0: Foul Ball, location: 2F
1-1: Foul Ball, location: 2F
1-2: Foul Ball, location: 2F
Balk!
Kippy McGrath to third
1-2: Foul Ball, location: 2F
1-2: Ground out U3 (Groundball, 3, EV 105.6 MPH)
Bottom of the 6th over - 0 runs, 1 hit, 0 errors, 1 left on base; Batavia 7 - Los Angeles (NYP) 19
TOP OF THE 7TH
Batavia Muckdogs batting - Pitching for Los Angeles (NYP) Dodgers : LHP Melvin Fonseca
Pinch Hitting: RHB Jayson Johnson 0-0: Ball
1-0: Foul Ball, location: 2F
1-1: Ball
2-1: DOUBLE (Line Drive, 89M, EV 98.1 MPH)
Batting: LHB Ryan Thompson 0-0: Ball
Passed Ball!
Jayson Johnson to third
1-0: Ball
Passed Ball!
Jayson Johnson scores
2-0: Foul Ball, location: 2F
2-1: Foul Ball, location: 2F
2-2: Foul Ball, location: 2F
2-2: Ground out U3 (Groundball, 3S, EV 77.5 MPH)
Batting: RHB Larry LeFever 0-0: Ball
1-0: Fly out, F8 (Flyball, 89D, EV 98.1 MPH)
Batting: RHB Hiromitsu Yamada 0-0: Ball
1-0: Fly out, F7 (Flyball, 7LS, EV 92.5 MPH)
Top of the 7th over - 1 run, 1 hit, 0 errors, 0 left on base; Batavia 8 - Los Angeles (NYP) 19
BOTTOM OF THE 7TH
Los Angeles (NYP) Dodgers batting - Pitching for Batavia Muckdogs : RHP Joe Lightell
Now at 1B: Jayson Johnson
Pinch Hitting: RHB Cesar Reyes 0-0: Foul Ball, location: 2F
0-1: Swinging Strike
0-2: Ball
1-2: Ball
2-2: Strikes out swinging
Batting: RHB Pat Mage 0-0: Ball
1-0: Foul Ball, location: 2F
1-1: Fly out, F9 (Flyball, 89M, EV 96.9 MPH)
Batting: RHB Neal Jukic 0-0: Ground out 4-3 (Groundball, 4, EV 85.6 MPH)
Bottom of the 7th over - 0 runs, 0 hits, 0 errors, 0 left on base; Batavia 8 - Los Angeles (NYP) 19
TOP OF THE 8TH
Batavia Muckdogs batting - Pitching for Los Angeles (NYP) Dodgers : LHP Melvin Fonseca
Now in LF: Cesar Reyes
Now in RF: Kippy McGrath
Batting: LHB Justin Blakely 0-0: Ball
1-0: Ground out 4-3 (Groundball, 4, EV 83.1 MPH)
Batting: RHB Jeremy Dennis 0-0: Ball
1-0: Ball
2-0: Called Strike
2-1: Ball
3-1: Foul Ball, location: 2F
3-2: Foul Ball, location: 2F
3-2: Strikes out looking
Batting: RHB Calvin Morin 0-0: Called Strike
0-1: Ball
1-1: Called Strike
1-2: Foul Ball, location: 2F
1-2: Ball
2-2: Strikes out looking
Top of the 8th over - 0 runs, 0 hits, 0 errors, 0 left on base; Batavia 8 - Los Angeles (NYP) 19
BOTTOM OF THE 8TH
Los Angeles (NYP) Dodgers batting - Pitching for Batavia Muckdogs : RHP Joe Lightell
Batting: RHB Leo Cuellar 0-0: Ball
1-0: Ball
2-0: Ball
3-0: Called Strike
3-1: Base on Balls
Batting: SHB John Gernaat 0-0: Ball
1-0: Ball
2-0: Ball
3-0: Base on Balls
Leo Cuellar to second
Batting: LHB Kippy McGrath 0-0: Foul Ball, location: 2F
0-1: Ball
1-1: Ball
2-1: Called Strike
2-2: Ball
3-2: Base on Balls
Leo Cuellar to third
John Gernaat to second
Pitching: RHP Emilio Montalvo
Batting: RHB Eddie Perry 0-0: Ball
1-0: Ball
2-0: Ball
3-0: Base on Balls
Leo Cuellar scores
John Gernaat to third
Kippy McGrath to second
Batting: RHB Jonathan Kirsch 0-0: Ball
1-0: Called Strike
1-1: Foul Ball, location: 2F
1-2: Ball
Wild Pitch!
John Gernaat scores
Kippy McGrath to third
Eddie Perry to second
2-2: Strikes out swinging
Batting: SHB Chris Ackerson 0-0: Fly out, F8 (Flyball, 8LS, EV 88.8 MPH)
Batting: RHB Cesar Reyes 0-0: Called Strike
0-1: Ball
1-1: Ball
2-1: Ball
3-1: Swinging Strike
Balk!
Kippy McGrath scores
Eddie Perry to third
3-2: Foul Ball, location: 2F
3-2: Foul Ball, location: 2F
3-2: Base on Balls
Batting: RHB Pat Mage 0-0: Ball
1-0: SINGLE (Groundball, 4S, EV 68.8 MPH) (infield hit)
Eddie Perry scores
Cesar Reyes to second
Batting: RHB Neal Jukic 0-0: Foul Ball, location: 2F
0-1: Fielders Choice at 2nd, 6-4 (Groundball, 6, EV 80.6 MPH)
Bottom of the 8th over - 4 runs, 1 hit, 0 errors, 2 left on base; Batavia 8 - Los Angeles (NYP) 23
TOP OF THE 9TH
Batavia Muckdogs batting - Pitching for Los Angeles (NYP) Dodgers : LHP Melvin Fonseca
Batting: LHB David Doge 0-0: Ground out 4-3 (Groundball, 4S, EV 92.5 MPH)
Pitching: LHP Gavin White
Batting: RHB Len Graham 0-0: Called Strike
0-1: Ball
1-1: Foul Ball, location: 2F
1-2: Foul Ball, location: 2F
1-2: Foul Ball, location: 2F
1-2: Fly out, F7 (Line Drive, 7S, EV 93.1 MPH)
Batting: RHB Jayson Johnson 0-0: Ball
1-0: Foul Ball, location: 2F
1-1: Ball
2-1: Ball
3-1: Foul Ball, location: 2F
3-2: Foul Ball, location: 2F
3-2: Reached on error, E4 (Popup, 4, EV 71.9 MPH)
Batting: LHB Ryan Thompson 0-0: Ball
Wild Pitch!
Jayson Johnson to second
1-0: Called Strike
1-1: Called Strike
1-2: Fly out, F8 (Flyball, 78D, EV 83.1 MPH)
Top of the 9th over - 0 runs, 0 hits, 1 error, 1 left on base; Batavia 8 - Los Angeles (NYP) 23
Thursday, March 31st , 2022 - OOTP Baseball 22.12 Build 89